 Dungeon Crawl Stone Soup version 0.28-a0-983-g1de4e0787c (webtiles) character file.

Game seed: 12078633017034526995

699 GregHouse the Cleaver (level 7, -1/63 HPs)
             Began as a Hill Orc Monk on Dec 3, 2021.
             Was a Believer of Beogh.
             Slain by an ufetubus (4 damage)
             ... summoned by a ynoxinul
             ... on level 1 of the Abyss.
             The game lasted 00:29:40 (5045 turns).

GregHouse the Cleaver (Hill Orc Monk)               Turns: 5045, Time: 00:29:41

Health: -1/63      AC: 10    Str: 16    XL:     7   Next: 65%
Magic:  7/7        EV:  7    Int: 10    God:    Beogh [**....]
Gold:   279        SH:  0    Dex: 13    Spells: 6/6 levels left

rFire   . . .      SeeInvis .   u - +1 war axe
rCold   . . .      Faith    .   (no shield)
rNeg    . . .      Spirit   .   d - +0 chain mail
rPois   .          Reflect  .   (no helmet)
rElec   .          Harm     .   (no cloak)
rCorr   .          Rampage  .   r - +0 pair of gloves
Will    .....                   (no boots)
Stlth   ..........              j - amulet of regeneration
HPRegen 1.00/turn               (no ring)
MPRegen 0.10/turn               (no ring)

@: about to teleport
A: no striking features
a: Renounce Religion, Smiting


You were on level 1 of the Abyss.
You worshipped Beogh.
Beogh was pleased with you.
You visited 2 branches of the dungeon, and saw 7 of its levels.
You visited the Abyss 1 time.

You collected 279 gold pieces.

Inventory:

Hand Weapons
 a - a +1 vorpal flail
 u - a +1 war axe (weapon)
Missiles
 l - 184 stones
 t - 9 bolts
 w - 5 boomerangs (quivered)
Armour
 d - a +0 chain mail (worn)
 r - a +0 pair of gloves (worn)
Magical Staves
 b - a staff of cold
 k - a staff of air
Jewellery
 j - an amulet of regeneration (around neck)
 y - an amulet of faith
Wands
 m - a wand of iceblast (7)
Scrolls
 i - a scroll of amnesia
 n - a scroll of enchant armour
 z - a scroll of identify
Potions
 c - a potion of might
 e - a potion of mutation {unknown}
 g - 3 potions of curing
 h - a potion of berserk rage {unknown}
 o - a potion of haste {unknown}
 p - a potion of flight {unknown}
 s - a potion of heal wounds {unknown}
 v - a potion of attraction {unknown}


   Skills:
 + Level 6.0 Fighting
 + Level 8.8 Axes
 + Level 3.7 Armour
 - Level 2.4 Dodging
 + Level 2.0 Stealth


You had 6 spell levels left.
You didn't know any spells.
Your spell library was empty.

Dungeon Overview and Level Annotations

Branches:
Dungeon (6/15)             Temple (1/1) D:5

Altars:
Ashenzari
Cheibriados
Dithmenos
Elyvilon
Fedhas
Gozag
Hepliaklqana
Kikubaaqudgha
Makhleb
Nemelex Xobeh
Okawaru
Qazlal
Ru
Sif Muna
Trog
Uskayaw
Vehumet
Wu Jian
Xom
Yredelemnul
Zin
The Shining One

Annotations:
D:5 exclusion: necrophage


Message History

The thrashing horror tramples you.
You hold your ground!
The thrashing horror tramples you.
You hold your ground!
Found a short sword.
The thrashing horror roars!
The ufetubus hits you. x2; The thrashing horror barely misses you.
The thrashing horror tramples you but does no damage.
The small abomination hits you!
* * * LOW HITPOINT WARNING * * *
The ufetubus barely misses you. x2
As you read the scroll labelled DUBBECK XATZ, it crumbles to dust.
The scroll dissolves into smoke.
It was a scroll of fog.
The ufetubus disappears in a puff of smoke!
The thrashing horror tramples you.
* * * LOW HITPOINT WARNING * * *
You stumble backwards!
As you read the scroll labelled DOIGHO HIFF, it crumbles to dust.
You feel momentarily disoriented.
It was a scroll of magic mapping.
The thrashing horror tramples you!
* * * LOW HITPOINT WARNING * * *
You hold your ground!
The thrashing horror barely misses you. The ufetubus barely misses you.
The ufetubus closely misses you.
The ufetubus hits you but does no damage.
The ufetubus barely misses you.
The small abomination barely misses you.
The ufetubus hits you but does no damage.
The ufetubus barely misses you.
As you read the scroll labelled NOWUAXZO SOLERASA, it crumbles to dust.
You feel strangely unstable.
You feel the power of the Abyss delaying your translocation!
It was a scroll of teleportation.
The thrashing horror roars!
The thrashing horror tramples you but does no damage.
The thrashing horror tramples you.
* * * LOW HITPOINT WARNING * * *
You hold your ground!
The ufetubus hits you.
* * * LOW HITPOINT WARNING * * *
The ufetubus barely misses you.
The ufetubus hits you but does no damage.
The ufetubus hits you.
You die...

#.......# #)......#
#.....#.## ..
##........# .. # #.#
.......#.. .. ##
.###§§.#..'.. . #
###.#§X....#
.#.##..####...#@x§...#
# ...§ ..X.#.##55§...#
##..5#####.XX#§..##
#...#..# ##§#.§. .# #
#.X ......# .#.#...#
#..#.# ...#.#.###.#
### # #§. . ## ###. ..
#.##.. #..# # ... . #.
..5X..####.# .#..


You could see a thrashing horror, 2 large abominations, a small abomination and
2 ufetubi.

Vanquished Creatures
  A black bear (D:5)
  An ogre (D:5)
  A centaur (D:5)
  A phantom (D:4)
  2 hounds
  A bullfrog skeleton (D:5)
  A centaur skeleton (D:5)
  Ijyb (D:4)
  An iguana (D:5)
  An orc wizard (D:5)
  4 adders
  2 ufetubi
  3 adder skeletons (D:4)
  2 worms (D:4)
  A dart slug (D:4)
  13 orcs
  11 ball pythons
  4 bats
  10 endoplasms
  6 giant cockroaches
  6 goblins
  11 hobgoblins
  4 jackals (D:4)
  3 quokkas
  A frilled lizard (D:3)
  9 kobolds
  4 rats
105 creatures vanquished.

Vanquished Creatures (others)
  A human (D:3)
1 creature vanquished.

Grand Total: 106 creatures vanquished

Notes
Turn   | Place    | Note
-------+----------+-------------------------------------------
     0 | D:1      | GregHouse the Hill Orc Monk began the quest for the Orb.
     0 | D:1      | Reached XP level 1. HP: 19/19 MP: 1/1
   238 | D:2      | Found a broken altar of Ashenzari.
   255 | D:1      | Reached XP level 2. HP: 23/27 MP: 2/2
   901 | D:1      | Found a faded altar of an unknown god.
  1090 | D:2      | Reached XP level 3. HP: 34/34 MP: 3/3
  1492 | D:2      | Reached XP level 4. HP: 38/41 MP: 4/4
  1512 | D:2      | Reached skill level 5 in Axes
  2188 | D:3      | Reached skill level 5 in Fighting
  2255 | D:3      | Reached skill level 1 in Armour
  2325 | D:3      | Found an ancient bone altar of Kikubaaqudgha.
  2326 | D:3      | Noticed a human
  2330 | D:3      | Killed a human
  2699 | D:5      | Entered Level 5 of the Dungeon
  2878 | D:4      | Reached XP level 5. HP: 38/48 MP: 5/5
  3022 | D:4      | Noticed a phantom
  3035 | D:4      | Killed a phantom
  3036 | D:4      | Reached skill level 6 in Axes
  3441 | D:4      | Noticed Ijyb
  3451 | D:4      | Killed Ijyb
  3452 | D:4      | Reached XP level 6. HP: 33/56 MP: 6/6
  3610 | D:4      | Reached skill level 7 in Axes
  4060 | D:5      | Noticed a necrophage
  4250 | D:5      | Reached XP level 7. HP: 54/61 MP: 7/7
  4345 | D:5      | Found a staircase to the Ecumenical Temple.
  4346 | D:5      | Became a worshipper of Beogh the Brigand
  4346 | D:5      | Reached * piety under Beogh
  4346 | D:5      | Reached ** piety under Beogh
  4359 | Temple   | Entered the Ecumenical Temple
  4786 | D:5      | Reached skill level 8 in Axes
  4961 | D:5      | Cast into level 1 of the Abyss (orc priest)
  4987 | Abyss:1  | Noticed a large abomination
  5004 | Abyss:1  | Noticed a ynoxinul
  5027 | Abyss:1  | Noticed a large abomination
  5039 | Abyss:1  | Noticed a thrashing horror
  5045 | Abyss:1  | HP: 3/63 [ufetubus[a ynoxinul] (1)]
  5045 | Abyss:1  | Slain by an ufetubus

Illustrated notes

Levels and vault maps discovered:
D:1:      mrwooster_arrival_statue_2, layout_basic,
          shapermc_ecumenical_altar_mp_vishouse, hex_intersection
D:2:      layout_loops_ring, basic_altar, minmay_vboxes
D:3:      layout_loops_ring, tgw_kikubaaqudgha, minmay_misc_feat_encased
D:4:      layout_gridville, chequers_serial_rivers_micro_d, uniq_ijyb
D:5:      layout_loops_ring, minmay_temple_entry_proselytizer,
          hangedman_decor_riveting
D:6:      layout_rooms, grunt_decor_junction, hangedman_minor_gate_pass
Temple:   mainiacjoe_temple_trianglar_array
Abyss:1:  base:
D:1

Skill      XL: |  1  2  3  4  5  6  7 |
---------------+----------------------+-----
Fighting       | 4 5 6 |  6.0
Axes           | 5 6 7 8 |  8.8
Armour         | 1 2 3 |  3.7
Stealth        | 2 |  2.0
Dodging        | |  2.4

Action                   |  1- 3 |  4- 6 |  7- 9 || total
-------------------------+-------+-------+-------++-------
Melee: Hand axe          |   107 |    19 |       ||   126
       War axe           |       |   187 |    29 ||   216
Invok: Convert to Beogh  |       |       |     1 ||     1
  Use: Scroll            |       |     8 |     3 ||    11
 Stab: Sleeping          |       |     2 |       ||     2
       Distracted        |       |     1 |       ||     1
Armor: Robe              |     4 |       |       ||     4
       Ring mail         |    39 |    24 |       ||    63
       Chain mail        |       |    74 |    34 ||   108
Dodge: Dodged            |    56 |   108 |    36 ||   200

Table legend: (Time is in decaauts)
 A = Elapsed time spent in this place.
 B = Non-inter-level travel time spent in this place.
 C = Inter-level travel time spent in this place.
 D = Time resting spent in this place.
 E = Time spent auto-exploring this place.
 F = Levels seen in this place.
 G = Mean time per level.
                   A        B        C        D        E       F      G
               +--------+--------+--------+--------+--------+-----+--------+
         Total |   5108 |   4843 |    265 |    119 |   2058 |   8 |  638.5 |
       Dungeon |   4629 |   4386 |    243 |    119 |   1720 |   6 |  771.5 |
        Temple |    395 |    373 |     22 |      0 |    338 |   1 |  395.0 |
         Abyss |     83 |     83 |      0 |      0 |      0 |   1 |   83.0 |
               +--------+--------+--------+--------+--------+-----+--------+

Top non-repeatable levels by time:
     D:4: 1262 daAuts
     D:1: 1010 daAuts
     D:2: 897 daAuts
     D:3: 792 daAuts
     D:5: 658 daAuts
  Temple: 395 daAuts
 Abyss:1: 83 daAuts
     D:6: 8 daAuts
